AoeStats
← Daranguren

Arena

509703447Analyzed
1v1 RM · 6d ago on Sep 27, 2026· 21m 35s· 2 players
Game mode
Random Map
Map size
Tiny (2 player)
Population
200
Speed
Normal
Resources
Standard
Victory
Conquest
Starting age
Dark Age
Ending age
Imperial Age
RankedLock teamsTeams togetherTeam positionsShared explorationLock speedFull tech treeHidden civsTurbo modeCheats
Victory
Defeat
🇦🇷 Spanish · Argentina
726
+17
🇪🇸 Portuguese · Spain
757
-34
ariel
0:36 Loom
13:05 Feudal Age
14:11 Double-Bit Axe
18:34 Castle Age
20:19 Bow Saw
Daranguren
3:27 Loom
11:04 Feudal Age
12:36 Double-Bit Axe
12:34 Horse Collar
13:33 Wheelbarrow
14:29 Gold Mining
15:11 Town Watch
18:54 Padded Archer Armor
19:38 Fletching
21:23 Forging
Connection lost

Rejoining the realm…

Still unreachable

The connection could not be restored.

Session expired

The server has moved on; the page needs a fresh start.